Cogmind - Beta 9.1 @@@ ROGUE MODE // 2019.10.25 @ 10:55:04 // Halloween2019/Abominations Player: PhenomPhear Result: Core destroyed Performance ------------- Evolutions (1) 500 Regions Visited (2) 400 Robots Destroyed (23) 115 Value Destroyed (1098) 1098 Prototype IDs (1) 20 Alien Tech Used (0) 0 Bonus (0) 0 TOTAL SCORE: 2133 Bonus ------- None Cogmind --------- Core Integrity 0/400 Matter 238/300 Energy 240/240 System Corruption 0% Temperature Cool (668) Location -9/Materials Parts ------- Power (1) Nuclear Core Propulsion (2) Light Treads Utility (4) Medium Storage Unit Medium Storage Unit Weapon (2) Improved Medium Laser Inventory (12) Ion Engine Peak State ------------ Power Nuclear Core Propulsion Light Treads Light Treads Utility Heat Sink Medium Storage Unit Medium Storage Unit Weapon Assault Rifle Heavy Assault Rifle Inventory Ion Engine Light Treads [Rating: 11] Favorites ----------- Power Light Ion Engine Engine Light Ion Engine Power Core Nuclear Core Propulsion Light Treads Treads Light Treads Utility Medium Storage Unit Device Heat Sink Storage Medium Storage Unit Protection Light Armor Plating Weapon Assault Rifle Energy Gun Small Laser Ballistic Gun Assault Rifle Build | -11 -10 -9 ------- Run | Scr Mat Mat Slots Evolved 2 | . . 2 Power . | . . . Propulsion . | . . . Utility 2 | . . 2 Weapon . | . . . Parts Attached 21 | 6 6 9 Power 3 | 1 1 1 Engine 2 | 1 1 . Core 1 | . . 1 Reactor . | . . . Propulsion 5 | 2 1 2 Treads 5 | 2 1 2 Leg . | . . . Wheel . | . . . Hover . | . . . Flight . | . . . Utility 5 | 1 2 2 Device 1 | . 1 . Storage 3 | 1 1 1 Processor . | . . . Hackware . | . . . Protection 1 | . . 1 Artifact . | . . . Weapon 8 | 2 2 4 Energy Gun 3 | 1 1 1 Energy Cannon . | . . . Ballistic Gun 5 | 1 1 3 Ballistic Cannon . | . . . Launcher . | . . . Special Weapon . | . . . Impact Weapon . | . . . Slashing Weapon . | . . . Piercing Weapon . | . . . Special Melee Weapon . | . . . Unidentified Prototypes 1 | . . 1 Parts Lost 13 | . 3 10 Power 2 | . 1 1 Propulsion 3 | . . 3 Utility 2 | . . 2 Weapon 6 | . 2 4 Highest Loss Streak 3 | . 2 3 Average Slot Usage (%) 80 | . 91 73 Engine 6 | . 13 . Core 5 | . . 9 Treads 20 | . 28 15 Device 5 | . 5 5 Storage 19 | . 15 21 Energy Gun 9 | . 13 6 Ballistic Gun 13 | . 13 12 Naked Turns . | . . . Heaviest Build 31 | 11 19 31 Greatest Support 40 | 40 40 40 Greatest Overweight (x) 1 | 1 . 1 Average Overweight (x) . | . . . Largest Inventory Capacity 12 | 6 10 12 Average Capacity 9 | 4 7 11 Most Carried 3 | 2 2 3 Average Carried 1 | 1 1 1 Final Capacity 12 | . . 12 Final Carried 1 | . . 1 Class Distribution -------------------- 67% | Mutant 32% | Scavenger-Mutant Dominant Class ---------------- Mutant | -10/Materials Scavenger-Mutant | -9/Materials Resources | -11 -10 -9 ----------- Run | Scr Mat Mat Matter Collected 670 | 190 247 233 Remotely . | . . . Salvage Created 1160 | . 666 494 Parts 62 | . 33 29 Haulers Intercepted 1 | . 1 . Recyclers Shooed 1 | . . 1 Parts Field Recycled . | . . . Retrieved Matter . | . . . Parts Self-Destructed . | . . . Prevented . | . . . Kills | -11 -10 -9 ------- Run | Scr Mat Mat Combat Hostiles Destroyed 19 | . 11 8 Guns 18 | . 11 7 Classes Destroyed 6 | . 5 1 Worker 1 | . 1 . Builder 1 | . 1 . Hauler 1 | . 1 . Recycler 1 | . . 1 Grunt 7 | . 5 2 Abomination 12 | . 6 6 Best Kill Streak 9 | . 9 2 Combat Bots Only 5 | . 5 2 Max Kills in Single Turn 1 | . 1 1 Gunslinging . | . . . Exploded . | . . . Melee . | . . . Uniques/NPCs Destroyed . | . . . Combat | -11 -10 -9 -------- Run | Scr Mat Mat Damage Taken 2936 | . 657 2279 Core 586 | . 178 408 Absorbed by Shields . | . . . Core Remaining (%) 64 | 100 28 . Volleys Fired 116 | . 45 71 Largest 2 | . 2 2 Hottest 79 | . 70 79 Shots Fired 195 | . 86 109 Gun 195 | . 86 109 Cannon . | . . . Launcher . | . . . Special . | . . . Kinetic 127 | . 44 83 Thermal 68 | . 42 26 Explosive . | . . . Electromagnetic . | . . . Robot Hit Streak 22 | . 7 22 Robot Miss Streak 3 | . 2 3 Penetration Max . | . . . Secondary Targets 3 | . 3 . Max Gunslinging Chain 1 | . 1 . Shots Hit Robots 147 | . 60 87 Core Hits 64 | . 33 31 Critical Hits 2 | . 1 1 Critical Kills 2 | . 1 1 Critical Parts Destroyed . | . . . Melee Attacks . | . . . Impact . | . . . Slashing . | . . . Piercing . | . . . Sneak Attacks . | . . . Combat Hostiles . | . . . Follow-up Attacks . | . . . Damage Inflicted 2284 | . 873 1411 Guns 2262 | . 873 1389 Cannons . | . . . Explosions . | . . . Melee . | . . . Ramming 22 | . . 22 Kinetic 1548 | . 439 1109 Thermal 714 | . 434 280 Explosive . | . . . Electromagnetic . | . . . Impact . | . . . Slashing . | . . . Piercing . | . . . Highest Corruption 3 | . 3 . Average Corruption 2 | . 2 . Corruption Purged . | . . . Effects 2 | . 2 . Message Errors 1 | . 1 . Heat Flow Errors 1 | . 1 . Overload Shots . | . . . Overflow Damage . | . . . Projectiles . | . . . Explosions . | . . . Melee . | . . . Knockbacks . | . . . Impact . | . . . Kinetic . | . . . Secondary . | . . . Self-Inflicted Damage . | . . . Shots . | . . . Rammed 8 | . . 8 Targets Rammed 8 | . . 8 Kicked . | . . . Crushed . | . . . Highest Temperature 668 | . 228 668 Average Temperature 127 | . 95 178 Received Heat Transfer 899 | . 183 716 Effects 9 | . . 9 Shutdowns 1 | . . 1 Energy Bleed 3 | . . 3 Interference 1 | . . 1 Short Circuit 1 | . . 1 Damage (minor) 2 | . . 2 Damage (core) 1 | . . 1 Siege Activations . | . . . Robots Corrupted . | . . . Combat Hostiles . | . . . Parts Fried . | . . . Impact Corruptions . | . . . Robots Melted . | . . . Combat Hostiles . | . . . Parts Melted . | . . . Heat Transferred 854 | . 671 183 Parts Sabotaged . | . . . Parts Stolen . | . . . Parts Stripped . | . . . Power Chain Reactions . | . . . Missiles Intercepted . | . . . Alert | -11 -10 -9 ------- Run | Scr Mat Mat Peak Influence 147 | . 147 106 Average Influence 68 | . 90 60 Maximum Alert Level . | . . . Low Security (%) 100 | . . . Level 1 . | . . . Level 2 . | . . . Level 3 . | . . . Level 4 . | . . . Level 5 . | . . . High Security . | . . . Max Security . | . . . Squads Dispatched 8 | . 4 4 Investigation 3 | . 2 1 Extermination . | . . . Reinforcement 3 | . 2 1 Assault 2 | . . 2 Garrison . | . . . Intercept . | . . . Construction Impeded . | . . . Haulers Reinforced . | . . . Stealth | -11 -10 -9 --------- Run | Scr Mat Mat Distress Signals 8 | . 2 6 Communications Jammed . | . . . Distress Signals . | . . . Times Spotted 36 | . 16 20 Peak Tracking Total 7 | . 5 7 Tactical Retreats 3 | . 2 1 Traps | -11 -10 -9 ------- Run | Scr Mat Mat Traps Triggered . | . . . Indirectly . | . . . Trap Hack Attempts . | . . . Triggered . | . . . Disarmed . | . . . Reprogrammed . | . . . Reused . | . . . Traps Extracted . | . . . Installed . | . . . Triggered . | . . . Machines | -11 -10 -9 ---------- Run | Scr Mat Mat Machines Disabled . | . . . Max in Single Turn . | . . . Machines Sabotaged . | . . . Garrisons Compromised . | . . . Overloaded Fab Kills . | . . . Fab Network Shutdowns . | . . . Hacking | -11 -10 -9 --------- Run | Scr Mat Mat Machines Accessed 1 | . 1 . Terminals 1 | . 1 . Fabricators . | . . . Repair Stations . | . . . Recycling Units . | . . . Scanalyzers . | . . . Garrison Access . | . . . Total Hacks 2 | . 2 . Successful . | . . . Failed 2 | . 2 . Catastrophic . | . . . Database Lockouts . | . . . Manual . | . . . Terminals 2 | . 2 . Fabricators . | . . . Repair Stations . | . . . Recycling Units . | . . . Scanalyzers . | . . . Garrison Access . | . . . Terminal Hacks . | . . . Fabricator Hacks . | . . . Repair Station Hacks . | . . . Recycling Unit Hacks . | . . . Scanalyzer . | . . . Garrison Access Hacks . | . . . Unauthorized Hacks . | . . . Terminals . | . . . Fabricators . | . . . Repair Stations . | . . . Recycling Units . | . . . Scanalyzers . | . . . Garrison Access . | . . . Data Cores Recovered . | . . . Used . | . . . Hacking Detections 1 | . 1 . Full Trace Events . | . . . Feedback Events . | . . . Feedback Blocked . | . . . Robot Schematics Acquired . | . . . Robots Built . | . . . Matter . | . . . Time . | . . . Total Robot Build Rating . | . . . Part Schematics Acquired . | . . . Parts Built . | . . . Matter . | . . . Time . | . . . Total Part Build Rating . | . . . Parts Repaired . | . . . Time . | . . . Parts Recycled . | . . . Recycled Matter . | . . . Retrieved Matter . | . . . Retrieved Components . | . . . Parts Scanalyzed . | . . . Part Schematics Acquired . | . . . Parts Damaged . | . . . Bothacking | -11 -10 -9 ------------ Run | Scr Mat Mat Used RIF Installer . | . . . Robots Hacked . | . . . Non-combat . | . . . Combat . | . . . Robot Hacks Applied . | . . . Relay Couplers Released . | . . . Robots Rewired . | . . . Allies Hacked . | . . . Hacks Repelled . | . . . Allies | -11 -10 -9 -------- Run | Scr Mat Mat Total Allies . | . . . Largest Group . | . . . Highest-Rated Group . | . . . Highest-Rated Ally . | . . . Total Orders . | . . . Ally Attacks . | . . . Total Damage . | . . . Kills . | . . . Allies Corrupted . | . . . Allies Melted . | . . . Intel | -11 -10 -9 ------- Run | Scr Mat Mat Robot Analysis Total . | . . . Derelict Logs Recovered . | . . . Drone Launches . | . . . Drone Recoveries . | . . . Exploration | -11 -10 -9 ------------- Run | Scr Mat Mat Turns Passed 885 | 58 343 484 Spaces Moved 299 | 36 123 140 Core 9 | 9 . . Treads 290 | 27 123 140 Legs . | . . . Wheels . | . . . Hover . | . . . Flight . | . . . Fastest Speed 50 | 50 160 160 Average Speed 163 | 133 160 173 Slowest Speed 180 | 160 160 180 Overloaded Moves . | . . . Propulsion Burnouts . | . . . Robots Hopped . | . . . Cave-ins Triggered . | . . . Exploration Rate (%) 22 | 3 41 23 Regions Visited 2 Branch Regions . Pre-discovered Areas . | . . . Known Exits Taken . | . . . Unknown Exits Taken 2 | 1 1 . Scrap Searched . | . . . Spaces Dug . | . . . Terrain Destroyed . | . . . Melee . | . . . Projectile . | . . . AOE . | . . . Actions | -11 -10 -9 --------- Run | Scr Mat Mat Total 464 | 43 182 239 Wait 16 | . 7 9 Move 297 | 35 122 140 Hop . | . . . Pick Up 5 | 2 1 2 Fast Attach 13 | 6 2 5 Attach 6 | . 3 3 Detach . | . . . Swap 2 | . 1 1 Drop 1 | . 1 . Fire 116 | . 45 71 Melee . | . . . Ram . | . . . Kick . | . . . Crush 8 | . . 8 Escape Stasis . | . . . Rewire . | . . . Trap . | . . . Miscellaneous . | . . . Route ------- -11/Scrapyard -10/Materials -9/Materials History --------- Turn | Location | Event 13 | -11/Scrapyard | Discovered new exit (range 16) 59 | -11/Scrapyard | Entered Materials 212 | -10/Materials | Core integrity fell below 50% 306 | -10/Materials | Build established: Mutant 333 | -10/Materials | Discovered new exit (range 16) 402 | -10/Materials | Entered another Materials area 402 | -9/Materials | Evolved 2 slots: Utility x2 525 | -9/Materials | Discovered new exit (range 6) 738 | -9/Materials | Lost 3 parts (1n1u1w) 810 | -9/Materials | Core integrity fell below 50% 855 | -9/Materials | Core integrity fell below 20% 887 | -9/Materials | Core destroyed Last Messages --------------- 00853_ Unstable Anomaly suddenly flashes brightly. 00859_ Engulfed by violent ripples tearing at the fabric of space. 00862_ Overheating: System interference. 00862_ Shotgun temporarily disabled. 00872_ Lesser Abomination spits out Sml. Laser. 00872_ Lesser Abomination feeds off Hungry Anomaly, taking Spread Laser. 00873_ Hungry Anomaly eats Sml. Matter Pod. 00875_ Hungry Anomaly eats Com. Wheel. 00877_ Power failure, Nuclear Core shutdown. 00877_ Slammed into Lesser Abomination. 00878_ Overheating: Shotgun damaged (-10). 00879_ Overheating: Energy bleed (-31). 00879_ Slammed into Lesser Abomination. 00881_ Overheating: Short circuit. 00881_ Shotgun permanently disabled. 00881_ Slammed into Lesser Abomination. 00884_ Overheating: Energy bleed (-33). 00885_ Shotgun destroyed. 00886_ Overheating: Med. Storage Unit damaged (-72). 00887_ Overheating: Core damaged (-72). Map ----- +----------------------------------------------------+ | ????????????????????????## #%# #### #?? " # | | ?????????????????########""#!# ## # #? T " | | ?????????????????# # ####"# # " " | | ?????????????????# % # + + ?+ | | ?????????????????# %# # # ????? | | ?????????????????# # # # ????? | | ?????????????????# # / # ??????? | | ?????????????????# " % # # ??????? | | ?????????????????# " ######"""??????? | | ?????????????????# % % " ????? | | ?????????????????######"="#" %??? | | ?????????????????? %% % ? | | ?????????????????# ? "#"######## ##### | | ?????????????????"? " # ?? " ??? | | ?????????????????? "##+###+###########??? ###?? | | ??????????????????? "# ##?????????? ???? | | ????????????????????? # #????????????##??? | | ?????????????? ???????# A #????????????????? | | ?????????????? ??????# """ """ #????????????????? | | ????????????? ????# """ """ #????????????????? | | ?????????????"""" ???# """ """ #????????????????? | | ?????????????""""" ??# % #????????????????? | | ???????????? % " "# #????????????????? | | ???????????? + #####[#""######?????????????? | | ?????????????" " # ##### # #?????????????? | | ??????????????Y" # A @ ;% #?????????????? | | ??????????????"" # ; #?????????????? | | ????????????#""#"# ;;;## ###?????????????? | | ???????????#""#""# ;;;#?##???????????????? | | ???????????? %% #?????????????????? | | ???????????? n #?????????????????? | | ???????????? #?????????????????? | | ???????????? """ "T" #?????????????????? | | ??????????????"" """ #?????????????????? | | ??????????????"" ######## ##?????????????????? | | ???????????????" ??# " #??????????????????? | | ??????????????? ????#### " #??????????????????? | | ???????????????? ??????? " #??????????????????? | | ????????????????????????# " #??????????????????? | | ????????????????????????? " ???????????????????? | | ?????????????????????????"" ???????????????????? | | ?????????????????????????" ????????????????????? | | ?????????????????????????????????????????????????? | | ?????????????????????????????????????????????????? | | ?????????????????????????????????????????????????? | | ?????????????????????????????????????????????????? | | ?????????????????????????????????????????????????? | | ?????????????????????????????????????????????????? | | ?????????????????????????????????????????????????? | | ?????????????????????????????????????????????????? | +----------------------------------------------------+ Best States ------------- Heat Dissipation 38 Energy Generation 14 Energy Capacity 240 Matter Stores 300 Matter Capacity 300 Sight Range 16 Terrain Scan Density 10 Armor Coverage 150 Evasion (%) 40 Recoil Reduction 2 Item Schematics ----------------- None Robot Schematics ------------------ None Fabricated ------------ Nothing Alien Tech Used ----------------- None Achievements -------------- None Challenges ------------ None Game ------ Seed FireCoordinationBeamcaster Manual? 0 Play Time 00:11:38 Cumulative 1010.7 hours Start 2019.10.25 @ 10:47:19 End 2019.10.25 @ 10:55:04 Sessions 1 Manual Loads 0 Difficulty Rogue Special Mode Halloween2019/Abominations Game No. 595 Rogue 595 Adventurer 0 Explorer 0 Win Type - Total 17 Types 9/1/4/3/0/0/0 Lore% 89 Gallery% 94 Achievement% 80 Wizard Run 0 Options --------- ASCII 0 Keyboard 0 Movement Mouse Keybinds 0 Fullscreen 2 Font 24/Crisp Map View 76x50 Tactical HUD 1 Map Filters NONE Filters NONE Steam 1 RUN: bb181fa5-5ed4-4be7-b113-ebb5f3839b6e